AoeStats
← Bane24

Arena

509955916Analyzed
2v2 RM · 5d ago on Sep 28, 2026· 38m 32s· 4 players
Game mode
Random Map
Map size
Medium (4 player)
Population
200
Speed
Normal
Resources
Standard
Victory
Conquest
Starting age
Dark Age
Ending age
Imperial Age
RankedLock teamsTeams togetherTeam positionsShared explorationLock speedFull tech treeHidden civsTurbo modeCheats
Victory
Defeat
🇨🇴 Chinese · Colombia
875
+13
🇦🇷 Aztecs · Argentina
862
+14
🇨🇭 Dravidians · Switzerland
821
-14
🇮🇳 Japanese · India
800
-13
Tricio 12
7:19 Loom
11:42 Feudal Age
12:27 Double-Bit Axe
18:23 Castle Age
16:30 Horse Collar
19:53 Bow Saw
20:21 Wheelbarrow
19:48 Heavy Plow
24:21 Imperial Age
22:21 Scale Mail Armor
24:05 Chain Mail Armor
25:24 Hand Cart
25:43 Crop Rotation
26:42 Plate Mail Armor
26:23 Forging
26:18 Gold Mining
29:01 Gold Shaft Mining
28:40 Atonement
28:52 Fervor
29:23 Squires
29:10 Gambesons
30:36 Conscription
30:15 Treadmill Crane
34:29 Arson
34:57 Town Watch
35:43 Town Patrol
deiwersmith
1:00 Loom
10:14 Feudal Age
11:24 Double-Bit Axe
11:30 Horse Collar
16:46 Castle Age
27:10 Imperial Age
25:16 Wheelbarrow
24:26 Town Watch
26:53 Bow Saw
26:53 Heavy Plow
28:05 Fletching
28:15 Padded Archer Armor
28:59 Conscription
28:35 Stone Mining
28:36 Gold Mining
28:46 Bodkin Arrow
29:50 Town Patrol
30:27 Leather Archer Armor
30:14 Bracer
31:35 Great Wall
31:41 Sappers
32:44 Ring Archer Armor
36:08 Two-Man Saw
36:53 Heavy Rocket Cart
39:22 Gold Shaft Mining
39:23 Stone Shaft Mining
39:01 Forging
38:51 Scale Mail Armor
38:57 Scale Barding Armor
BabaYaga0701356
10:36 Feudal Age
16:07 Castle Age
29:20 Imperial Age
27:27 Wheelbarrow
27:35 Double-Bit Axe
29:04 Squires
28:50 Arson
28:26 Pikeman
30:24 Hand Cart
Bane24
11:15 Feudal Age
15:20 Castle Age
13:48 Double-Bit Axe
14:17 Horse Collar
15:09 Stone Mining
16:35 Heavy Plow
21:35 Gold Mining
24:05 Arson
24:21 Squires
23:42 Pikeman
30:37 Yasama
31:26 Gold Shaft Mining
33:38 Imperial Age
33:42 Elite Skirmisher
35:09 Kataparuto
Connection lost

Rejoining the realm…

Still unreachable

The connection could not be restored.

Session expired

The server has moved on; the page needs a fresh start.